 Seeded DCSS version 0.30.0-18-gc0e69614cb (webtiles) character file.

Game seed: 5 (custom seed)

1493 Kazon the Covert (level 8, -5/52 HPs)
             Began as an Octopode Brigand on May 24, 2023.
             Was a Follower of Makhleb.
             Slain by an orc wizard
             ... wielding a +2 dagger of holy wrath
              (7 damage)
             ... on level 6 of the Dungeon on May 25, 2023.
             The game lasted 00:20:18 (3743 turns).

Kazon the Covert (Octopode Brigand)                 Turns: 3743, Time: 00:20:18

Health: -5/52      AC:  1    Str: 11    XL:     8   Next: 81%
Magic:  19/20      EV:  9    Int: 13    God:    Makhleb [*.....]
Gold:   243        SH: 14    Dex: 21    Spells: 7/7 levels left

rFire   . . .        e - +2 dagger (vamp)
rCold   . . .        c - +0 tower shield
rNeg    . . .        (helmet restricted)
rPois   .            d - amulet of regeneration
rElec   .            r - ring of magical power
rCorr   .            y - +6 ring of dexterity
SInv    .            (no ring)
Will    .....        (no ring)
Stlth   ++++++       (no ring)
HPRegen 1.08/turn    (no ring)
MPRegen 0.17/turn    (no ring)
                     (no ring)

%: no passive effects
@: flying
A: almost no armour, amphibious, 8 rings, camouflage 1, gelatinous body 1,
(nimble swimmer 1), tentacles
a: Renounce Religion


You were on level 6 of the Dungeon.
You worshipped Makhleb.
Makhleb was aware of your devotion.
You visited 2 branches of the dungeon, and saw 7 of its levels.

You collected 243 gold pieces.

Inventory:

Hand Weapons
 a - a +2 dagger
 e - a +2 vampiric dagger (weapon)
 f - a +0 hand axe of flaming
 v - a +0 vampiric hand axe
Missiles
 b - 11 poisoned darts
 h - 2 curare-tipped darts
 t - 5 boomerangs
 F - 20 stones (quivered)
Armour
 c - a +0 tower shield (worn)
Jewellery
 d - an amulet of regeneration (around mantle)
 r - a ring of magical power (left tentacle)
 y - a +6 ring of dexterity (right tentacle)
 D - an amulet of guardian spirit
Wands
 B - a wand of paralysis (8)
Scrolls
 j - a scroll of fog {unknown}
 k - a scroll of vulnerability {unknown}
 l - a scroll of poison {unknown}
 m - 2 scrolls of identify {unknown}
 n - a scroll of summoning {unknown}
 o - 2 scrolls of magic mapping {unknown}
 p - 2 scrolls of teleportation {unknown}
 q - a scroll of blinking {unknown}
 w - a scroll of torment {unknown}
 z - a scroll of amnesia {unknown}
 H - a scroll of enchant armour {unknown}
Potions
 g - a potion of resistance {unknown}
 i - a potion of magic {unknown}
 s - 3 potions of flight
 u - 2 potions of invisibility {unknown}
 x - 2 potions of heal wounds {unknown}
 A - 3 potions of curing {unknown}
 C - a potion of lignification {unknown}
 E - a potion of attraction {unknown}
 G - a potion of berserk rage {unknown}


   Skills:
 + Level 3.2 Fighting
 + Level 4.7 Short Blades
 * Level 1.6 Axes
 + Level 3.2 Throwing
 + Level 3.0 Dodging
 + Level 9.4 Stealth
 + Level 3.1 Shields
 * Level 4.0 Invocations
 * Level 3.1 Evocations


You had 7 spell levels left.
You didn't know any spells.
Your spell library contained the following spells:

 Spells                   Type           Power      Damage    Failure   Level
 Frozen Ramparts          Ice            0%         1d1       100%        3
 Ignite Poison            Fire/Tmut/Pois 0%         N/A       100%        3
 Ice Form                 Ice/Tmut       0%         N/A       100%        4
 Sticky Flame             Conj/Fire      0%         2d3       100%        4
 Summon Ice Beast         Ice/Summ       0%         N/A       100%        4
 Summon Forest            Summ/Tloc      0%         N/A       100%        5
 Eringya's Noxious Bog    Tmut/Pois      0%         N/A       100%        6
 Summon Hydra             Summ           0%         N/A       100%        7
 Ignition                 Fire           0%         3d3       100%        8


Dungeon Overview and Level Annotations

Branches:
Dungeon (6/15)             Temple (1/1) D:4

Altars:
Dithmenos
Fedhas
Gozag
Hepliaklqana
Makhleb
Qazlal
Wu Jian
The Shining One


Innate Abilities, Weirdness & Mutations

You cannot wear most types of armour.
You are amphibious.
You can wear up to eight rings at the same time.
Your skin changes colour to match your surroundings (Stealth+).
Your rubbery body absorbs attacks. (AC +1, EV +1)
((You are camouflaged when in or above water. (Stealth+)))
You have tentacles for arms and can constrict up to eight enemies at once.


Message History

You barely miss the iguana.
The iguana is heavily wounded.
You constrict the iguana. You block the iguana's attack. Something hits you.
You hit the iguana.
You feel better.
The iguana is severely wounded.
You constrict the iguana, but do no damage.
You block the iguana's attack.
You hear some strange, mumbled words.
A magic dart appears from out of thin air!
The magic dart hits you!
You barely miss something. You squeeze something. You constrict the iguana.
You block the iguana's attack. Something hits you.
* * * LOW HITPOINT WARNING * * *
You hit something. You constrict the iguana.
You kill the iguana!
Makhleb accepts your kill.
You feel better. Something hits you.
* * * LOW HITPOINT WARNING * * *
Something hits you.
* * * LOW HITPOINT WARNING * * *
Your Invocations skill increases to level 4!
You hit something.
You feel better.
You squeeze something. Something hits you.
* * * LOW HITPOINT WARNING * * *
You barely miss something.
You hear some strange, mumbled words.
A magic dart appears from out of thin air!
The magic dart hits you!
* * * LOW HITPOINT WARNING * * *
You closely miss something.
Your tentacle-slap misses something.
Your squeeze misses something.
You hear some strange, mumbled words.
A puff of flame appears from out of thin air!
The puff of flame hits you!
* * * LOW HITPOINT WARNING * * *
Okay, then.
Unknown command.
It was a potion of flight.
You feel very buoyant.
You fly up into the air.
Something hits you!
You die...

#....####
#.......###########
##....#............#
#.....#............#
#.#.#...#.....†....#
#.#.###.#..........# # #.
#.##.######### # #.
#.##.###########
.###.#.###@##.........).#
.....(...){###).........#
.............+.>........#
..l(<...######..........#
######### #..........#
#..........# #..........#
#..........# #..........#


There were no monsters in sight!

Vanquished Creatures
  Sigmund (D:4)
  Duvessa (D:6)
  A water moccasin (D:6)
  2 black bears (D:4)
  A centaur (D:6)
  An ogre (D:5)
  2 scorpions
  Dowan (D:6)
  A howler monkey (D:6)
  4 hounds
  A jelly (D:5)
  6 iguanas
  2 orc wizards (D:6)
  4 gnolls (D:5)
  9 adders
  An ufetubus (D:4)
  3 worms
  10 orcs
  4 bats
  9 endoplasms
  A giant cockroach (D:1)
  12 goblins
  7 hobgoblins
  11 jackals
  3 kobolds
  3 quokkas (D:4)
  6 ball pythons
  3 frilled lizards
  4 rats
114 creatures vanquished.

Notes
Turn   | Place    | Note
-------+----------+-------------------------------------------
     0 | D:1      | Kazon the Octopode Brigand began the quest for the Orb.
     0 | D:1      | Reached XP level 1. HP: 14/14 MP: 1/1
    40 | D:1      | Identified a scroll of acquirement
    40 | D:1      | Acquired an amulet of regeneration
    93 | D:1      | Reached XP level 2. HP: 19/19 MP: 2/2
   380 | D:1      | Reached skill level 6 in Stealth
   443 | D:1      | Reached XP level 3. HP: 23/24 MP: 3/3
   929 | D:2      | Reached XP level 4. HP: 29/29 MP: 4/4
  1232 | D:2      | Reached skill level 7 in Stealth
  1632 | D:3      | Found a blossoming altar of Fedhas.
  1705 | D:3      | Reached XP level 5. HP: 24/34 MP: 5/5
  1830 | D:3      | Found a stormy altar of Qazlal.
  1949 | D:3      | Found a faded altar of an unknown god.
  1973 | D:3      | Identified the +2 sling "Qeuhanocyt" {speed, rElec Str-3
                  | Dex+2}
  2089 | D:4      | Found a staircase to the Ecumenical Temple.
  2097 | Temple   | Entered the Ecumenical Temple
  2113 | Temple   | Became a worshipper of Makhleb the Destroyer
  2178 | D:4      | Reached skill level 1 in Shields
  2306 | D:4      | Reached skill level 1 in Invocations
  2550 | D:4      | Reached XP level 6. HP: 41/41 MP: 7/7
  2646 | D:4      | Noticed a black bear
  2651 | D:4      | Killed a black bear
  2652 | D:4      | Reached skill level 8 in Stealth
  2680 | D:4      | Noticed a black bear
  2698 | D:4      | Killed a black bear
  2710 | D:4      | Found a hazy altar of Hepliaklqana.
  2712 | D:4      | Found a shadowy altar of Dithmenos.
  2713 | D:4      | Noticed a shadow
  2735 | D:4      | Noticed Sigmund
  2752 | D:4      | Killed Sigmund
  2753 | D:4      | Reached skill level 1 in Evocations
  2753 | D:4      | Reached XP level 7. HP: 45/45 MP: 8/8
  2850 | D:5      | Entered Level 5 of the Dungeon
  3097 | D:5      | Reached XP level 8. HP: 52/52 MP: 10/10
  3315 | D:5      | Reached * piety under Makhleb
  3316 | D:5      | Reached skill level 9 in Stealth
  3530 | D:6      | Noticed Dowan
  3533 | D:6      | Noticed Duvessa
  3550 | D:6      | Killed Duvessa
  3559 | D:6      | Killed Dowan
  3598 | D:6      | Reached skill level 1 in Axes
  3742 | D:6      | HP: 1/52 [something/puff of flame (7)]
  3743 | D:6      | Slain by an orc wizard

Illustrated notes

Levels and vault maps discovered:
D:1:      ebering_trefoil_3fold, layout_basic, st_stairs_14, serial_bayou_ford_a
D:2:      layout_basic, hangedman_decor_growths, minmay_close_crescents
D:3:      layout_rooms, mainiacjoe_overflow_concentric_impassable,
          mainiacjoe_overflow_paths, shapermc_ecumenical_altar_acropolis,
          chequers_serial_rivers_micro_b
D:4:      layout_basic, riverfiend_overflow_shadow_ancestor,
          minmay_temple_entry_glass, uniq_sigmund
D:5:      layout_gridville
D:6:      layout_basic, xom_teletrap_fun, uniq_duvessa
Temple:   nicolae_temple_elliptical

Skill      XL: |  1  2  3  4  5  6  7  8 |
---------------+-------------------------+-----
Stealth        | 6 7 8 9 |  9.4
Short Blades   | 3 4 |  4.7
Shields        | 1 2 3 |  3.1
Invocations    | 1 2 3 4 |  4.0
Dodging        | 2 3 |  3.0
Evocations     | 1 3 |  3.1
Fighting       | 3 |  3.2
Throwing       | 3 |  3.2
Axes           | 1 |  1.6

Action                     |  1- 3 |  4- 6 |  7- 9 || total
---------------------------+-------+-------+-------++-------
  Melee: Dagger            |    67 |    92 |    98 ||   257
         Constrict         |    16 |    20 |    17 ||    53
         Tentacles         |    10 |    21 |    28 ||    59
  Throw: Dart              |     5 |     1 |    17 ||    23
         Boomerang         |     4 |       |       ||     4
         Stone             |       |     2 |    25 ||    27
    Use: Scroll            |     1 |       |       ||     1
         Potion            |       |       |     1 ||     1
   Stab: Sleeping          |    11 |    14 |     8 ||    33
         Distracted        |     1 |       |       ||     1
 Armour: Skin              |     3 |     9 |     3 ||    15
  Dodge: Dodged            |    15 |    15 |    16 ||    46
  Block: Tower shield      |    30 |    37 |    58 ||   125
